 Dungeon Crawl Stone Soup version 0.25.0-1-g7eea58d2a3 (webtiles) character file.

Game seed: 8712002297634231405

50 diana the Ducker (level 3, -1/28 HPs)
             Began as a Demonspawn Gladiator on June 14, 2020.
             Slain by an orc
             ... wielding a +0 flail
              (3 damage)
             ... on level 4 of the Dungeon.
             The game lasted 00:01:31 (1432 turns).

diana the Ducker (Demonspawn Gladiator)             Turns: 1432, Time: 00:01:32

Health: -1/28      AC:  4    Str: 15    XL:     3   Next: 55%
Magic:  3/3        EV: 13    Int:  9    God:
Gold:   73         SH:  0    Dex: 14    Spells: 2/2 levels left

rFire    . . .     SeeInvis .     - Unarmed
rCold    . . .     Gourm    .   (no shield)
rNeg     . . .     Faith    .   a - +0 leather armour
rPois    .         Spirit   .   b - +0 helmet
rElec    .         Reflect  .   (no cloak)
rCorr    .         Harm     .   (no gloves)
MR       .....                  (no boots)
Stlth    +.........             (no amulet)
HPRegen  0.09/turn              (no ring)
MPRegen  0.08/turn              (no ring)

@: no status effects
A: spiny 1, rot immunity
a: no special abilities


You were on level 4 of the Dungeon.
You were not hungry.

You visited 1 branch of the dungeon, and saw 3 of its levels.

You collected 73 gold pieces.

Inventory:

Missiles
 c - 3 throwing nets (quivered)
Armour
 a - a +0 leather armour (worn)
 b - a +0 helmet (worn)
Scrolls
 e - a scroll of identify {unknown}
 h - 2 scrolls of enchant weapon {unknown}
Potions
 f - a potion of lignification {unknown}
 g - 2 potions of degeneration {unknown}
 i - a potion of magic {unknown}
Comestibles
 d - 3 rations


   Skills:
 + Level 2.5 Fighting
 - Level 1.7 Throwing
 + Level 1.2 Armour
 + Level 3.1 Dodging
 + Level 3.1 Unarmed Combat


You had 2 spell levels left.
You didn't know any spells.
Your spell library was empty.

Dungeon Overview and Level Annotations

Branches:
Dungeon (2/15)

Altars:


Innate Abilities, Weirdness & Mutations

You are partially covered in sharp spines.
You are immune to rotting.


Message History

You see here a +0 club.
You hit something. Something hits you but does no damage.
You miss something. Something hits you but does no damage.
You closely miss something. The orc is struck by your spines.
The orc misses you. Something hits you but does no damage.
You barely miss something. Something hits you. The orc closely misses you.
Something hits you.
You hit something. Something hits you. The orc is struck by your spines.
The orc hits you with a +0 flail.
You closely miss something.
You hear some strange, mumbled words.
A puff of flame appears from out of thin air!
The puff of flame hits you! The orc barely misses you.
Something hits you but does no damage.
You miss something. Something hits you.
* * * LOW HITPOINT WARNING * * *
You hit something but do no damage. Something hits you.
* * * LOW HITPOINT WARNING * * *
The orc hits you with a +0 flail.
You die...

#######
#.....#
########.....#
..[..........#
........@#####
#######.{o.#
##.#.# #...#
##..# .. #..
..


You could see an orc.

Vanquished Creatures
  An adder (D:2)
  3 dart slugs (D:1)
  2 orcs
  3 giant cockroaches
  A hobgoblin (D:2)
  8 jackals
  2 frilled lizards (D:1)
  3 goblins (D:1)
  5 kobolds
  3 rats
31 creatures vanquished.

Notes
Turn   | Place    | Note
-------+----------+-------------------------------------------
     0 | D:1      | diana the Demonspawn Gladiator began the quest for the Orb.
     0 | D:1      | Reached XP level 1. HP: 16/16 MP: 1/1
   178 | D:1      | Gained mutation: You are partially covered in sharp spines.
                  | [demonic ancestry]
   178 | D:1      | Reached XP level 2. HP: 21/22 MP: 2/2
   748 | D:1      | Reached skill level 1 in Armour
  1035 | D:2      | Gained mutation: You are immune to rotting. [demonic
                  | ancestry]
  1035 | D:2      | Reached XP level 3. HP: 25/28 MP: 3/3
  1417 | D:2      | You fall into a shaft and drop 2 floors!
  1432 | D:4      | Slain by an orc

Illustrated notes

Levels and vault maps discovered:
D:1:      dpeg_arrival_arbitrary_c, layout_loops_ring, grunt_decor_resistance
D:2:      layout_loops_cross
D:4:      layout_basic, grunt_temple_overflow_lords_of_destruction, first_ration

Skill      XL: |  1  2 |
---------------+-------+-----
Unarmed Combat | 3 |  3.1
Armour         | 1 |  1.2
Dodging        | 3 |  3.1
Fighting       | |  2.5
Throwing       | |  1.7

Action                   || total
-------------------------++-------
Melee: Unarmed           ||   108
 Stab: Sleeping          ||     1
  Eat: Chunk             ||     2
Armor: Leather armour    ||    26
Dodge: Dodged            ||    66
